 Dungeon Crawl Stone Soup version 0.19-a0-1686-g35356ef (webtiles) character file.

55372 Lochraine the Messiah (level 14, -1/115 HPs)
             Began as a Hill Orc Monk on Sept 24, 2016.
             Was the Champion of Beogh.
             Killed by divine providence
             ... invoked by an orc high priest
              (8 damage)
             ... on level 12 of the Dungeon on Sept 25, 2016.
             The game lasted 02:06:34 (20735 turns).

Lochraine the Messiah (Hill Orc Monk)              Turns: 20735, Time: 02:06:39

Health: -1/115     AC: 25    Str: 19    XL:     14   Next: 77%
Magic:  21/23      EV: 15    Int: 13    God:    Beogh [******]
Gold:   1689       SH:  0    Dex: 13    Spells: 3 memorised, 14 levels left

rFire  . . .     SeeInvis .     a - +0 battleaxe (freeze)
rCold  + . .     Gourm    .     A - +4 ring mail {MR+}
rNeg   . . .     Faith    .     (shield currently unavailable)
rPois  .         Spirit   .     W - +1 helmet of Mousepn {-Cast MR+ Int+3}
rElec  .         Dismiss  .     v - +0 cloak
rCorr  .         Reflect  .     S - +1 pair of gloves
MR     ++++.     Harm     .     z - +2 pair of boots
Stlth  +......... NoCast   +    i - amulet of rage
                                C - ring of Sad Notouch {MR+ AC+2}
                                j - ring of protection from cold

@: very slightly contaminated, invisible
A: walk on water, low mp 1
a: Smiting, Recall Orcish Followers, Give Item to Named Follower, Resurrection,
Renounce Religion, Evoke Berserk Rage


You were on level 12 of the Dungeon.
You worshipped Beogh.
Beogh was exalted by your worship.
You were very hungry.

You visited 3 branches of the dungeon, and saw 19 of its levels.
You also visited: Labyrinth.

You collected 1755 gold pieces.
You spent 66 gold pieces at shops.

Inventory:

Hand Weapons
 a - a +0 battleaxe of freezing (weapon)
 b - the +5 hand crossbow of Vefa {venom, rN+}
   (You took it off a minotaur in a labyrinth)

   It poisons the ammo it fires.
   It protects you from negative energy.
Armour
 q - a +0 buckler
 v - a +0 cloak (worn)
 z - a +2 pair of boots (worn)
 A - a +4 ring mail of magic resistance (worn)
 S - a +1 pair of gloves (worn)
 W - the +1 helmet of Mousepn (worn) {-Cast MR+ Int+3}
   (You found it in a labyrinth)

   It affects your intelligence (+3).
   It affects your resistance to hostile enchantments.
   It prevents spellcasting.
Jewellery
 i - an amulet of rage (around neck)
 j - a ring of protection from cold (left hand)
 C - the ring of Sad Notouch (right hand) {MR+ AC+2}
   (You took it off a minotaur in a labyrinth)

   [ring of protection]

   It affects your AC (+2).
   It affects your resistance to hostile enchantments.
 L - an uncursed ring of protection from fire {unknown}
 T - an uncursed ring of poison resistance
Wands
 e - a wand of digging (13/24)
 n - a wand of acid (3/15)
 r - a wand of confusion (28/48)
 x - a wand of paralysis (18/24)
 y - a wand of iceblast (9/15)
 H - a wand of heal wounds (0/9)
 V - a wand of polymorph (9/24)
Scrolls
 h - 4 scrolls of identify
 l - 6 scrolls of remove curse
 m - 6 scrolls of teleportation
 D - a scroll of brand weapon
 J - a scroll of silence {unknown}
 O - 2 scrolls of fear
 P - 2 scrolls of enchant weapon
Potions
 g - a potion of cancellation
 o - 3 potions of flight
 s - a potion of cure mutation
 B - 2 potions of curing
 G - 3 potions of magic
 I - 3 potions of might {unknown}
 K - 2 potions of berserk rage
 M - a potion of resistance
 N - a potion of lignification
 Q - a potion of brilliance {unknown}
 U - a potion of heal wounds {unknown}
 Y - a potion of degeneration {unknown}
 Z - 2 potions of agility {unknown}
Miscellaneous
 t - a phial of floods (inert)
 u - a phantom mirror
Comestibles
 c - 14 bread rations
 d - 8 meat rations
 k - 6 fruits
 p - 3 slices of pizza
 F - 4 beef jerkies


   Skills:
 - Level 8.1 Fighting
 - Level 14.0 Axes
 - Level 5.3 Crossbows
 + Level 12.6 Armour
 - Level 7.0 Dodging
 - Level 1.5 Stealth
 - Level 2.5 Spellcasting
 - Level 3.3 Charms
 - Level 3.2 Air Magic
 - Level 16.0 Invocations
 - Level 5.7 Evocations


You had 14 spell levels left.
You knew the following spells:

 Your Spells              Type           Power        Failure   Level  Hunger
a - Swiftness             Chrm/Air       ##......     17%         2    ###....
b - Apportation           Tloc           #.........   38%         1    #......
c - Summon Butterflies    Summ           #.......     38%         1    #......


Dungeon Overview and Level Annotations

Branches:
Dungeon (12/15)            Temple (0/1) D:7            Lair (6/6) D:10
  Swamp (0/4) Lair:4       Spider (0/4) Lair:4        Slime (0/5) Lair:5
    Orc (1/2) D:12

Altars:
Cheibriados
Dithmenos
Elyvilon
Fedhas
Gozag
Hepliaklqana
Nemelex Xobeh
Okawaru
Qazlal
Ru
Sif Muna
Trog
Uskayaw
Vehumet
Xom
The Shining One
Jiyva

Shops:
D:5 (   D:8 *   D:9 *   D:10 [   D:12 *

Annotations:
D:5 exclusion: statue
D:6 exclusion: oklob plant


Innate Abilities, Weirdness & Mutations

You can walk on water.
Your magical capacity is low. (-10% MP)


Message History

The smoke demon gestures at you. The ball of steam misses you.
The crimson imp sputters.
You feel better.
You begin recalling your allies.
* * * LOW HITPOINT WARNING * * *
Worak is recalled.
Your orc knight is recalled.
Marbork is recalled.
You finish recalling your allies.
The crimson imp barely misses you.
Marbork hits the smoke demon with the +8 trident of the Octopus King {venom, rElec rPois MR+}!
Your orc knight roars a battlecry!
Your orcs go into a battle-frenzy!
Send 'em back where they came from!
The crimson imp shudders.
The hellwing disappears in a puff of smoke!
The neqoxec disappears in a puff of smoke!
The crimson imp disappears in a puff of smoke!
The smoke demon shudders.
The orc high priest calls down the wrath of Beogh upon you.
Beogh smites you!
You die...
Beogh appreciates the orc high priest's killing of a heretic priest.

..##........# #.......[[.# #.#
............# #..........# #.#
............####.....)##..# #.#
..##..................##..# #.#
..##..................##..# #.#
..##...###............##..# #.#
..##...# #............##..# #.#
..##...# #......>§.§..##..# #.#
..##...# #......@§o§..##..# #.#
..##...# #......o.##..##..# #.#
..##...# #.....§o§##......# #.###
..##...# #....[3§§##...oo.###..o.
..##...# #...§...§##..##.o.).....
..##...###.......§##..##.......##
..##.........o....##..##...##..#
..##.......≈≈)[...##..##...##..#
..##.......#≈>#...##..##...##..#


You could see an orc high priest, a smoke demon, a friendly orc knight, the
friendly Worak the orc high priest and the friendly Marbork the orc sorcerer.

Vanquished Creatures
  Snorg (D:11)
  A minotaur (Lab)
  5 hydras
  Erica (D:11)
  A catoblepas (Lair:3)
  Urug (D:12)
  3 hill giants (D:12)
  Pikel (D:5)
  An orc knight (D:12)
  An ugly thing (D:12)
  A manticore (D:12)
  4 black mambas
  6 elephants (Lair:6)
  4 gargoyles (Lab)
  4 spiny frogs
  A rime drake (Lair:1)
  4 komodo dragons
  A jumping spider (Lair:4)
  A two-headed ogre (D:11)
  10 hippogriffs
  4 blink frogs
  4 spriggans
  A shadow (D:6)
  11 yaks
  A vampire (D:12)
  Sigmund (D:6)
  A steam dragon (D:10)
  A basilisk (Lair:1)
  A hungry ghost (D:9)
  3 insubstantial wisps (Lair:4)
  4 water moccasins
  8 orc warriors
  A porcupine (D:10)
  3 ice beasts
  3 sky beasts
  A necrophage (D:11)
  A wasp (Lair:6)
  3 eyes of draining
  14 wolves
  5 ogres
  3 centaurs
  A boggart (Lair:6)
  2 crocodiles
  A big kobold (D:9)
  Blork the orc (D:6)
  A wyvern zombie (D:8)
  11 bullfrogs
  A wyvern skeleton (D:11)
  A scorpion (D:6)
  A vampire bat (D:5)
  14 killer bees
  A troll skeleton (Lab)
  4 wights
  5 howler monkeys
  An electric eel (D:6)
  A spriggan skeleton (Lab)
  A bullfrog zombie (D:11)
  2 crimson imps
  11 orc wizards
  6 hounds
  6 orc priests
  3 bullfrog skeletons
  2 centaur skeletons
  10 iguanas
  Ijyb (D:2)
  2 hell rats (D:10)
  7 worker ants
  An ogre skeleton (Lab)
  A hound skeleton (D:5)
  A worker ant zombie (D:9)
  Robin (D:2)
  10 gnolls
  8 adders
  20 river rats
  2 shadow imps
  2 adder zombies
  2 adder skeletons (D:5)
  3 worms
  6 dart slugs
  4 leopard geckos
  14 orcs
  17 bats
  5 giant cockroaches
  20 goblins
  14 hobgoblins
  6 quokkas
  2 ball pythons
  10 frilled lizards
  A giant cockroach zombie (D:5)
  6 kobolds
  A quokka skeleton (D:4)
  3 rats (D:3)
383 creatures vanquished.

Vanquished Creatures (collateral kills)
  Josephine (D:11)
  5 hydras
  An unseen horror (D:11)
  A hill giant (D:10)
  2 manticores (D:12)
  An ugly thing (D:11)
  4 elephants (Lair:6)
  2 black mambas (Lair:6)
  5 spiny frogs
  3 komodo dragons
  2 rime drakes
  A troll (D:10)
  3 polar bears (Lair:6)
  2 hippogriffs (Lair:1)
  A two-headed ogre (D:12)
  16 blink frogs
  3 slime creatures (D:12)
  2 redbacks (Lair:4)
  12 spriggans (Lair:6)
  8 yaks
  3 wraiths (D:11)
  2 basilisks
  4 water moccasins
  3 porcupines
  An ice beast (D:12)
  An eye of draining (D:12)
  A sky beast (D:9)
  4 wasps (Lair:6)
  3 black bears (Lair:6)
  2 ogres
  20 wolves
  A boggart (Lair:6)
  6 crocodiles
  8 bullfrogs
  A scorpion (D:12)
  4 killer bees
  A wight (D:11)
  An electric eel (D:6)
  A crimson imp (D:12)
  2 howler monkeys
  2 bullfrog zombies
  A hound (D:9)
  An orc priest (D:7)
  A bullfrog skeleton (D:12)
  3 worker ants
  2 hell rats (D:10)
  An orc wizard (D:10)
  18 river rats
  2 adders (D:12)
  A leopard gecko (D:7)
  8 orcs
  2 ball pythons (D:12)
  A kobold (D:9)
  A rat (D:10)
  A fungus (Lair:3)
189 creatures vanquished.

Vanquished Creatures (others)
  An orc high priest (Lair:4)
  An orc knight (Lair:3)
  3 orc priests
  5 orc warriors
  5 orc wizards
  39 orcs
  3 fungi
  3 plants (Lair:6)
60 creatures vanquished.

Grand Total: 632 creatures vanquished

Notes
Turn   | Place    | Note
-------+----------+-------------------------------------------
     0 | D:1      | Lochraine the Hill Orc Monk began the quest for the Orb.
     0 | D:1      | Reached XP level 1. HP: 19/19 MP: 1/1
     4 | D:1      | Upgraded the game from 0.19-a0-1682-g5114f93 to 0.19-a0-1686-g35356ef
    74 | D:1      | Reached XP level 2. HP: 26/26 MP: 2/2
   165 | D:1      | Reached skill level 5 in Axes
   248 | D:1      | Reached XP level 3. HP: 31/31 MP: 3/3
   707 | D:2      | Found a faded altar of an unknown god.
   709 | D:2      | Noticed Ijyb
   736 | D:2      | Killed Ijyb
   736 | D:2      | Reached XP level 4. HP: 34/39 MP: 4/4
  1167 | D:2      | Reached skill level 1 in Armour
  1198 | D:2      | Found an opulent altar of Gozag.
  1198 | D:2      | Noticed Robin
  1230 | D:2      | Killed Robin
  1573 | D:2      | Reached XP level 5. HP: 37/45 MP: 5/5
  2235 | D:3      | Reached skill level 1 in Evocations
  2351 | D:3      | Reached XP level 6. HP: 42/51 MP: 6/8
  3000 | D:4      | Found a glowing golden altar of the Shining One.
  3055 | D:4      | Reached XP level 7. HP: 46/57 MP: 8/10
  3232 | D:4      | Became a worshipper of Beogh the Brigand
  3232 | D:4      | Reached * piety under Beogh
  3232 | D:4      | Reached ** piety under Beogh
  3268 | D:4      | Found an opulent altar of Gozag.
  3521 | D:5      | Entered Level 5 of the Dungeon
  3620 | D:4      | Reached skill level 5 in Evocations
  3786 | D:5      | HP: 1/57 [orc priest/divine providence (14)]
  4110 | D:5      | Found a hide-covered altar of Uskayaw.
  4153 | D:5      | Found a deep blue altar of Sif Muna.
  4153 | D:5      | Found an iron altar of Okawaru.
  4469 | D:5      | Noticed Pikel
  4505 | D:5      | Killed Pikel
  4505 | D:5      | Reached skill level 10 in Axes
  4505 | D:5      | Reached XP level 8. HP: 11/64 MP: 12/12
  4951 | D:5      | Found a radiant altar of Vehumet.
  5036 | D:5      | Found an opulent altar of Gozag.
  5038 | D:5      | Found Tulof's Weapon Boutique.
  5162 | D:6      | Found a white marble altar of Elyvilon.
  5162 | D:6      | Noticed an oklob plant
  5162 | D:6      | Noticed Blork the orc
  5174 | D:6      | Noticed Sigmund
  5181 | D:6      | Killed Sigmund
  5181 | D:6      | Reached skill level 3 in Invocations
  5209 | D:6      | Found a white marble altar of Elyvilon.
  5243 | D:6      | Reached skill level 4 in Invocations
  5297 | D:6      | Reached skill level 5 in Invocations
  5297 | D:6      | Reached XP level 9. HP: 59/70 MP: 13/13
  5332 | D:6      | Found a snail-covered altar of Cheibriados.
  5355 | D:6      | Reached skill level 6 in Invocations
  5363 | D:6      | Found a sparkling altar of Nemelex Xobeh.
  5392 | D:6      | Reached skill level 7 in Invocations
  5617 | D:6      | Reached *** piety under Beogh
  5621 | D:6      | Found a bloodstained altar of Trog.
  5717 | D:6      | Reached skill level 8 in Invocations
  5730 | D:6      | Reached skill level 9 in Invocations
  5807 | D:6      | Found a shadowy altar of Dithmenos.
  5936 | D:6      | Killed Blork the orc
  6227 | D:6      | Found a stormy altar of Qazlal.
  6273 | D:6      | Reached skill level 5 in Fighting
  6436 | D:7      | Found a blossoming altar of Fedhas.
  6450 | D:7      | Found a shimmering altar of Xom.
  6451 | D:7      | Found a shimmering altar of Xom.
  6482 | D:7      | Found a shimmering altar of Xom.
  6482 | D:7      | Found a shimmering altar of Xom.
  6580 | D:7      | Found a hazy altar of Hepliaklqana.
  6627 | D:7      | Found a staircase to the Ecumenical Temple.
  6670 | D:7      | Gained Arbolt as an ally
  6699 | D:7      | Found a shimmering altar of Xom.
  6701 | D:7      | Noticed a moth of wrath
  6970 | D:8      | Found Raiger's Assorted Antiques.
  6982 | D:8      | Bought a metallic silvery potion for 16 gold pieces
  6982 | D:8      | Bought an emerald potion for 16 gold pieces
  7060 | D:8      | Reached XP level 10. HP: 81/86 MP: 16/16
  7262 | D:8      | Got a brightly glowing quarterstaff
  7471 | D:8      | Reached **** piety under Beogh
  8132 | D:9      | Identified the +8 quarterstaff of Arbitration {freeze, *Contam rElec MR++ Int+2} (You found it on level 8 of the Dungeon)
  8187 | D:9      | Reached skill level 5 in Armour
  8278 | D:9      | Found Bemnaan's General Store.
  8293 | D:9      | Bought a scroll of identify for 34 gold pieces
  8681 | D:9      | Found a sacrificial altar of Ru.
  8907 | D:10     | Entered Level 10 of the Dungeon
  9157 | D:10     | Noticed a hill giant
  9174 | D:10     | Killed a hill giant
  9360 | D:10     | Found Majiv's Armour Shop.
  9474 | D:10     | Reached skill level 10 in Armour
  9474 | D:10     | Reached XP level 11. HP: 94/94 MP: 17/17
  9627 | D:10     | Found a staircase to the Lair.
  9858 | D:10     | Reached ***** piety under Beogh
  9903 | Lair:1   | Entered Level 1 of the Lair of Beasts
 10345 | Lair:1   | Reached skill level 10 in Invocations
 10351 | Lair:1   | Gained Learuk as an ally
 10413 | Lair:1   | Noticed a six-headed hydra
 10413 | Lair:1   | Your ally Learuk died
 10420 | Lair:1   | Killed a six-headed hydra
 10420 | Lair:1   | Reached skill level 11 in Invocations
 10518 | Lair:1   | Noticed a four-headed hydra
 10525 | Lair:1   | Killed a four-headed hydra
 10705 | Lair:1   | Reached skill level 12 in Invocations
 10896 | Lair:2   | Noticed an eight-headed hydra
 10906 | Lair:2   | Killed an eight-headed hydra
 11308 | Lair:2   | Reached skill level 13 in Invocations
 11715 | Lair:3   | Gained mutation: Your flesh is heat resistant. (rF+) [potion of mutation]
 11715 | Lair:3   | Lost mutation: Your flesh is heat resistant. (rF+) [potion of mutation]
 11715 | Lair:3   | Gained mutation: You occasionally shout uncontrollably at your foes. [potion of mutation]
 11716 | Lair:3   | Gained mutation: You are frail. (-10% HP) [potion of mutation]
 11717 | Lair:3   | Lost mutation: You are frail. (-10% HP) [potion of cure mutation]
 11717 | Lair:3   | Lost mutation: You occasionally shout uncontrollably at your foes. [potion of cure mutation]
 11843 | Lair:3   | Noticed an eight-headed hydra
 12126 | Lair:3   | Noticed a catoblepas
 12141 | Lair:3   | Killed a catoblepas
 12289 | Lair:3   | Killed an eight-headed hydra
 12289 | Lair:3   | Reached XP level 12. HP: 89/101 MP: 21/21
 12714 | Lair:4   | Found a hole to the Spider Nest.
 12721 | Lair:4   | Reached skill level 5 in Dodging
 12762 | Lair:4   | Noticed an eight-headed hydra
 12770 | Lair:4   | Killed an eight-headed hydra
 12786 | Lair:4   | Your ally Arbolt died
 13382 | Lair:4   | Noticed an eight-headed hydra
 13394 | Lair:4   | Killed an eight-headed hydra
 13408 | Lair:4   | Reached skill level 16 in Invocations
 13408 | Lair:4   | Reached XP level 13. HP: 46/107 MP: 21/25
 13672 | Lair:4   | Found a staircase to the Swamp.
 13948 | D:11     | Noticed Snorg
 13962 | D:11     | Killed Snorg
 14104 | D:11     | Found a labyrinth entrance.
 14112 | D:11     | Noticed Josephine
 14119 | Lab      | Entered a labyrinth
 14921 | Lab      | Noticed a minotaur
 14941 | Lab      | Killed a minotaur
 14943 | Lab      | Got a transparent amber ring
 14949 | Lab      | Got a transparent hand crossbow
 14972 | Lab      | Got a polished helmet
 14974 | Lab      | Identified the ring of Sad Notouch {MR+ AC+2} (You took it off a minotaur in a labyrinth)
 14987 | Lab      | Identified the +1 helmet of Mousepn {-Cast MR+ Int+3} (You found it in a labyrinth)
 15090 | D:11     | Killed Josephine
 15480 | D:11     | Noticed Erica
 15488 | D:11     | Killed Erica
 15488 | D:11     | Gained Marbork as an ally
 16145 | D:12     | Found a staircase to the Orcish Mines.
 16299 | D:12     | Identified the +5 hand crossbow of Vefa {venom, rN+} (You took it off a minotaur in a labyrinth)
 16508 | D:12     | Reached skill level 1 in Crossbows
 16882 | Orc:1    | Entered Level 1 of the Orcish Mines
 16957 | D:12     | Noticed Urug
 16970 | D:12     | Killed Urug
 16998 | D:12     | Reached XP level 14. HP: 78/115 MP: 26/26
 17124 | D:12     | Found Voulitan's Serpentskin Sales.
 17240 | D:12     | Gained Worak as an ally
 17834 | Lair:5   | Reached skill level 5 in Crossbows
 17895 | Lair:5   | Learned a level 2 spell: Swiftness
 18105 | Lair:5   | Found a hide-covered altar of Uskayaw.
 18314 | Lair:5   | Found a viscous altar of Jiyva.
 18314 | Lair:5   | Found a staircase to the Slime Pits.
 18416 | Lair:6   | Entered Level 6 of the Lair of Beasts
 18434 | Lair:6   | Reached skill level 1 in Charms
 18451 | Lair:6   | Reached skill level 1 in Spellcasting
 18451 | Lair:6   | Reached skill level 1 in Air Magic
 18660 | Lair:6   | Reached ****** piety under Beogh
 18930 | Lair:6   | Learned a level 1 spell: Apportation
 18932 | Lair:6   | Learned a level 1 spell: Summon Butterflies
 20720 | Orc:1    | Gained mutation: Your magical capacity is low. (-10% MP) [a neqoxec]
 20731 | D:12     | HP: 5/115 [orc high priest/divine providence (15)]
 20735 | D:12     | Killed from afar by an orc high priest

Vault maps used:
D:1:      shiori_arrival_oz
D:2:      minmay_wonky_spiral, ecumenical_altar_2, grunt_gozag_statues,
          uniq_iyjb, uniq_robin
D:3:      first_bread, hangedman_feature_mirror
D:4:      nicolae_overflow_hidden_temple, lemuel_round_altar
D:5:      lemuel_crystal_altar, nicolae_overflow_crystal_walls,
          lemuel_crystal_altar, vehumet_statue, serial_shops,
          nicolae_shop_crystal, basic_altar, roderic_batcave, uniq_pikel
D:6:      hangedman_cross_stitches, cheibriados_altar_1, trog_eyes_of_draining,
          kennysheep_little_box, overflow_temple_1_default,
          overflow_temple_1_default, nicolae_dithmenos_the_darkroom,
          small_statue_intersection, minivault_14, lemuel_oklob_altar,
          uniq_sigmund, uniq_blork_the_orc
D:7:      overflow_temple_1_default, xom_shifter_show, marbit_many_paths
D:8:      serial_shops, nicolae_shop_overgrown_old_shop
D:9:      serial_shops, nicolae_shop_window_shopping, the_bakery,
          nicolae_ru_the_path_less_chosen
D:10:     dpeg_lair_monsters, serial_shops,
          nicolae_shop_competitors_out_of_business
D:11:     lab_entry_generic, uniq_snorg, uniq_erica, uniq_josephine
D:12:     orc_0_dummy, enter_bailey_2, special_room, guppyfry_shop_venom,
          uniq_urug
Lair:1:   grunt_megastairs_5
Lair:3:   lemuel_fruit_tree
Lair:4:   minmay_swamp_entry_wisps, spider_nest_entry_a,
          infiniplex_staircase_pool
Lair:5:   dpeg_slime_entry_enclosed_altar, basic_altar,
          small_statue_intersection, serial_bayou_shore_b
Lair:6:   minmay_lair_end_enchanted_forest, grunt_megastairs_3
Orc:1:    nicolae_orc_crystal_geode
Lab:      labyrinth_watery, nicolae_lab_arrow, nicolae_lab_dead_end,
          labyrinth_skeletal_remains, lab_fountain

Skill      XL: |  1  2  3  4  5  6  7  8  9 10 11 12 13 14 |
---------------+-------------------------------------------+-----
Axes           | 5 6 10 13 14 | 14.0
Armour         | 2 3 10 11 12 | 12.6
Evocations     | 2 4 5 |  5.7
Invocations    | 5 9 13 16 | 16.0
Fighting       | 7 8 |  8.1
Dodging        | 4 6 7 |  7.0
Crossbows      | 2 5 |  5.3
Charms         | 3 |  3.3
Spellcasting   | 2 |  2.5
Air Magic      | 3 |  3.2
Stealth        | |  1.5

Action                   |  1- 3 |  4- 6 |  7- 9 | 10-12 | 13-15 || total
-------------------------+-------+-------+-------+-------+-------++-------
Melee: Hand axe          |   101 |   325 |   144 |   502 |       ||  1072
       Battleaxe         |       |       |   232 |       |   595 ||   827
       Trident           |       |       |       |    33 |       ||    33
 Fire: Blowgun           |       |       |    17 |       |       ||    17
Invok: Smiting           |       |       |     1 |     7 |     2 ||    10
       Convert to Beogh  |       |       |     1 |       |       ||     1
       Recall Orcish Fol |       |       |       |     6 |     9 ||    15
       Give Item to Name |       |       |       |     1 |     2 ||     3
 Abil: Evoke Berserk Rag |       |     1 |     4 |     2 |     4 ||    11
Evoke: Wand              |       |       |       |     1 |     6 ||     7
       Phial of floods   |       |       |       |     1 |     1 ||     2
  Use: Potion            |       |     2 |     1 |     4 |     4 ||    11
       Scroll            |       |     1 |     9 |     9 |    15 ||    34
 Stab: Sleeping          |     5 |       |     1 |       |       ||     6
       Distracted        |       |       |       |     5 |     7 ||    12
       Paralysed         |       |       |       |       |     8 ||     8
  Eat: Chunk             |       |     8 |     8 |    20 |    19 ||    55
       Fruit             |       |       |     2 |       |     2 ||     4
       Beef jerky        |       |       |     2 |     1 |     1 ||     4
       Bread ration      |       |       |     1 |       |     1 ||     2
Armor: Robe              |    18 |       |       |       |       ||    18
       Ring mail         |       |   164 |   167 |       |   233 ||   564
       Plate armour      |       |       |    60 |   329 |   191 ||   580
Dodge: Dodged            |    64 |   209 |   192 |   178 |   420 ||  1063
